 Dungeon Crawl Stone Soup version 0.30-a0-596-g0af90f9a20 (webtiles) character file.

Game seed: 6560906656495549555

336 Newt the Skirmisher (level 6, -9/45 HPs)
             Began as a Kobold Hunter on Jan 6, 2023.
             Mangled by a gnoll
             ... wielding a +0 halberd
             ... led by a gnoll sergeant
              (15 damage)
             ... on level 4 of the Dungeon.
             The game lasted 00:03:29 (3022 turns).

Newt the Skirmisher (Kobold Hunter)                 Turns: 3022, Time: 00:03:30

Health: -9/45      AC:  4    Str:  8    XL:     6   Next: 84%
Magic:  6/6        EV: 11    Int: 10    God:
Gold:   226        SH:  0    Dex: 21    Spells: 5/5 levels left

rFire   . . .      SeeInvis .    a - +0 shortbow
rCold   + + .      Faith    .    (shield currently unavailable)
rNeg    . . .      Spirit   .    m - +1 robe of Gaown {-Tele Harm rC+}
rPois   .          Reflect  .    (no helmet)
rElec   .          Harm     +    p - +0 cloak
rCorr   .          Rampage  .    (no gloves)
Will    .....      NoTele   +    (no boots)
Stlth   ++++                     (no amulet)
HPRegen 0.27/turn                g - ring of protection from cold
MPRegen 0.10/turn                (no ring)

@: held
A: small, no large weapons, nightstalker 3
a: no special abilities


You were on level 4 of the Dungeon.
You visited 1 branch of the dungeon, and saw 4 of its levels.

You collected 226 gold pieces.

Inventory:

Hand Weapons
 a - a +0 shortbow (weapon)
 f - a +0 sling
Missiles
 o - a throwing net
Armour
 c - a +1 leather armour
 m - the +1 robe of Gaown (worn) {-Tele Harm rC+}
   (You found it on level 3 of the Dungeon)

   rC:        It protects you from cold.
   -Tele:     It prevents most forms of teleportation.
   Harm:      It increases damage dealt and taken.
 p - a +0 cloak (worn)
Jewellery
 g - a ring of protection from cold (left hand)
 n - a ring of flight
Scrolls
 b - 3 scrolls of immolation
 d - 2 scrolls of fear
 e - 3 scrolls of poison
 j - 2 scrolls of enchant armour
Potions
 h - a potion of invisibility
 i - 2 potions of flight
 k - a potion of brilliance {unknown}
 l - a potion of might {unknown}
 q - 2 potions of lignification {unknown}
 t - a potion of resistance {unknown}


   Skills:
 - Level 8.3 Fighting
 - Level 10.2 Ranged Weapons
 - Level 8.2 Dodging
 + Level 5.0 Stealth


You had 5 spell levels left.
You didn't know any spells.
Your spell library contained the following spells:

 Spells                   Type           Power      Damage    Failure   Level
 Blink                    Tloc           0%         N/A       50%         2
 Momentum Strike          Conj/Tloc      0%         3d8       50%         2
 Lesser Beckoning         Tloc           0%         N/A       75%         3


Dungeon Overview and Level Annotations

Branches:
Dungeon (4/15)
 Temple: D:4-7

Altars:
Cheibriados
Elyvilon


Innate Abilities, Weirdness & Mutations

You are small and have problems with some larger weapons.
You are completely attuned to the shadows.


Message History

You start resting.
You feel sick. x3
You are no longer poisoned.
You start resting.
HP restored.
You start waiting.
Done waiting.
You start waiting.
Done waiting.
You climb downwards.
The gnoll throws a boomerang.
The boomerang misses you.
The gnoll throws a boomerang.
The boomerang hits you.
The gnoll throws a javelin.
The javelin pierces through you.
There is a stone staircase leading up, spattered with blood here.
You shoot an arrow. The arrow hits the gnoll.
The gnoll is lightly wounded.
The gnoll throws a throwing net.
The throwing net misses you.
The gnoll throws a javelin.
The javelin completely misses you.
You shoot an arrow. The arrow hits the gnoll.
The gnoll is moderately wounded.
The gnoll throws a javelin.
The javelin misses you.
The gnoll throws a boomerang.
The boomerang hits you but does no damage.
The gnoll throws a throwing net.
The throwing net hits you.
You become entangled in the net!
You are held in a net!
Unknown command.
You cannot shoot with your shortbow while held in a net.
Unknown command.
There are monsters nearby!
You struggle against the net.
The gnoll throws a boomerang.
The boomerang hits you.
You struggle against the net.
The gnoll hits you from afar with a +0 halberd!
The gnoll barely misses you.
You struggle against the net.
The gnoll throws a javelin.
The javelin pierces through you!
* * * LOW HITPOINT WARNING * * *
The gnoll hits you from afar with a +0 trident.
* * * LOW HITPOINT WARNING * * *
The gnoll hits you from afar with a +0 halberd!
You die...

#.....#.....#
#.....#..)..#
#.....'.....#
#.....#.....#
#.....#.....#....#......
#.....#.....##...#......
.....#.....##...##...#
.. #....(##...##g..##...
#.....@.g..(.......<.
#.......g......).....
#.......g............
#........(...........
#.....##...##...#######
....##...##...####... ..
.................
.................
...>.......))....


You could see 3 gnolls.

Vanquished Creatures
  A phantom (D:4)
  A gnoll sergeant (D:4)
  Terence (D:3)
  3 gnolls (D:4)
  2 adders
  A worm (D:3)
  5 orcs
  3 ball pythons
  3 endoplasms (D:1)
  4 giant cockroaches
  4 goblins
  10 hobgoblins
  2 jackals (D:2)
  5 bats
  A frilled lizard (D:1)
  2 kobolds
  10 rats
58 creatures vanquished.

Notes
Turn   | Place    | Note
-------+----------+-------------------------------------------
     0 | D:1      | Newt the Kobold Hunter began the quest for the Orb.
     0 | D:1      | Reached XP level 1. HP: 12/12 MP: 1/1
    94 | D:1      | Reached XP level 2. HP: 17/17 MP: 2/2
   312 | D:1      | Reached XP level 3. HP: 22/23 MP: 3/3
   753 | D:2      | Found a faded altar of an unknown god.
  1117 | D:2      | Reached XP level 4. HP: 29/29 MP: 4/4
  1508 | D:3      | Reached skill level 10 in Ranged Weapons
  1508 | D:3      | Reached XP level 5. HP: 24/40 MP: 5/5
  1591 | D:3      | Identified the +1 robe of Gaown {-Tele Harm rC+}
  1881 | D:3      | Noticed Terence
  1890 | D:3      | Killed Terence
  2196 | D:3      | Found a white marble altar of Elyvilon.
  2196 | D:3      | Found a snail-covered altar of Cheibriados.
  2319 | D:4      | Noticed a phantom
  2328 | D:4      | Killed a phantom
  2329 | D:4      | Reached XP level 6. HP: 41/45 MP: 6/6
  2717 | D:4      | Reached skill level 5 in Stealth
  3022 | D:4      | Mangled by a gnoll

Illustrated notes

Levels and vault maps discovered:
D:1:      heliophobic_arrival_battle_scene, layout_rooms, serial_glass,
          glass_columns_a, glass_columns_a, glass_columns_b, glass_columns_b,
          glass_columns_a, glass_columns_b
D:2:      layout_basic, basic_ecumenical_altar, guppyfry_early_orc_mine
D:3:      layout_loops_ring, gammafunk_temple_overflow_statue, uniq_terence
D:4:      layout_gridville, nicolae_shop_firing_range, uniq_crazy_yiuf_cottage,
          uniq_ijyb, uniq_blork_the_orc

Skill      XL: |  1  2  3  4  5  6 |
---------------+-------------------+-----
Stealth        | 2 3 4 5 |  5.0
Fighting       | 3 4 8 |  8.3
Ranged Weapons | 10 | 10.2
Dodging        | 8 |  8.2

Action                   |  1- 3 |  4- 6 || total
-------------------------+-------+-------++-------
 Fire: Shortbow          |    90 |    73 ||   163
  Use: Scroll            |     5 |     5 ||    10
       Potion            |       |     1 ||     1
Armor: Leather armour    |     7 |     3 ||    10
       Robe              |       |     2 ||     2
Dodge: Dodged            |    30 |    35 ||    65

Table legend: (Time is in decaauts)
 A = Elapsed time spent in this place.
 B = Non-inter-level travel time spent in this place.
 C = Inter-level travel time spent in this place.
 D = Time resting spent in this place.
 E = Time spent auto-exploring this place.
 F = Levels seen in this place.
 G = Mean time per level.
                   A        B        C        D        E       F      G
               +--------+--------+--------+--------+--------+-----+--------+
         Total |   3052 |   3012 |     40 |    582 |   2001 |   4 |  763.0 |
       Dungeon |   3052 |   3012 |     40 |    582 |   2001 |   4 |  763.0 |
               +--------+--------+--------+--------+--------+-----+--------+

Top non-repeatable levels by time:
     D:3: 1109 daAuts
     D:2: 963 daAuts
     D:1: 553 daAuts
     D:4: 426 daAuts
